 Dungeon Crawl Stone Soup version 0.25.1-2-g60ff931df9 (webtiles) character file.

Game seed: 9013377992204443674

130 raphialitos the Shield-Bearer (level 5, 0/41 HPs)
             Began as a Formicid Fighter on Nov 9, 2020.
             Was an Initiate of Dithmenos.
             Slain by a mummy (7 damage)
             ... in an ossuary.
             The game lasted 00:06:52 (2578 turns).

raphialitos the Shield-Bearer (Formicid Fighter)    Turns: 2578, Time: 00:06:53

Health: 0/41       AC:  8    Str: 22    XL:     5   Next: 36%
Magic:  5/5        EV:  8    Int:  7    God:    Dithmenos [......]
Gold:   204        SH: 10    Dex: 10    Spells: 4/4 levels left

rFire    . . .     SeeInvis +   a - +1 quarterstaff
rCold    . . .     Gourm    .   c - +0 kite shield
rNeg     . . .     Faith    .   b - +1 scale mail
rPois    .         Spirit   .   (helmet unavailable)
rElec    .         Reflect  .   (no cloak)
rCorr    .         Harm     .   (no gloves)
MR       .....                  (no boots)
Stlth    ..........             (no amulet)
HPRegen  0.13/turn              (no ring)
MPRegen  0.09/turn              (no ring)

@: mighty
A: permanent stasis, dig shafts and tunnels, four strong arms, antennae 3
a: Dig, Shaft Self, Renounce Religion


You were in an ossuary.
You worshipped Dithmenos.
Dithmenos was noncommittal.
You were not hungry.

You visited 1 branch of the dungeon, and saw 4 of its levels.
You also visited: Ossuary.

You collected 204 gold pieces.

Inventory:

Hand Weapons
 a - a +1 quarterstaff (weapon)
Missiles
 i - 3 javelins (quivered)
 j - 33 arrows
Armour
 b - a +1 scale mail (worn)
 c - a +0 kite shield (worn)
Wands
 n - a wand of digging (8)
Potions
 e - a potion of ambrosia
 h - a potion of stabbing {unknown}
 o - a potion of degeneration {unknown}
 q - a potion of haste {unknown}
Comestibles
 f - 6 rations
 g - 3 chunks of flesh


   Skills:
 + Level 3.6 Fighting
 + Level 3.2 Staves
 + Level 4.1 Armour
 + Level 0.4 Dodging
 + Level 0.2 Stealth
 + Level 4.9 Shields


You had 4 spell levels left.
You didn't know any spells.
Your spell library was empty.

Dungeon Overview and Level Annotations

Branches:
Dungeon (4/15)            Ossuary (1/1)
 Temple: D:4-7

Altars:
Dithmenos
Sif Muna

Annotations:
D:1 Fire


Innate Abilities, Weirdness & Mutations

You cannot be hasted, slowed, berserked, paralysed or teleported.
You can dig through walls and to a lower floor.
Your four strong arms can wield two-handed weapons with a shield.
You have a pair of large antennae on your head. (SInv)


Message History

You hit the mummy but do no damage.
The orc zombie hits you but does no damage.
The mummy barely misses you.
You aren't carrying any scrolls.
Unknown command.
You feel better. The mummy closely misses you. The mummy hits you.
* * * LOW HITPOINT WARNING * * *
The orc zombie hits you but does no damage.
You feel very mighty all of a sudden. You block the mummy's attack.
The mummy hits you but does no damage.
You barely miss the mummy. You block the orc zombie's attack.
The mummy closely misses you. The mummy hits you but does no damage.
The mummy hits you.
* * * LOW HITPOINT WARNING * * *
You hit the mummy.
The mummy is moderately damaged.
The orc zombie hits you.
* * * LOW HITPOINT WARNING * * *
You block the mummy's attack. The mummy hits you!
You die...

.Z..............
..............
............
#........#
#......# #....#
#ZZ..#


#MMMZ# #.@M.# #..Z.# #....# #....# #....# #.∩∩.# ###### You could see 4 mummies,
a kobold zombie and 3 orc zombies.

Vanquished Creatures
  A hound (D:4)
  A worker ant (D:4)
  2 adders
  A worm (D:4)
  2 dart slugs
  2 leopard geckos (D:3)
  An orc (D:3)
  A giant cockroach (D:3)
  4 goblins
  7 hobgoblins
  7 kobolds
  3 quokkas
  4 ball pythons
  4 bats
  3 frilled lizards
  A hobgoblin zombie (Ossuary)
  2 kobold zombies (Ossuary)
  An orc zombie (Ossuary)
  4 rats
51 creatures vanquished.

Notes
Turn   | Place    | Note
-------+----------+-------------------------------------------
     0 | D:1      | raphialitos the Formicid Fighter began the quest for the
                  | Orb.
     0 | D:1      | Reached XP level 1. HP: 18/18 MP: 1/1
   160 | D:1      | Reached XP level 2. HP: 23/24 MP: 2/2
  1002 | D:2      | Reached XP level 3. HP: 22/29 MP: 3/3
  1632 | D:2      | Found a shadowy altar of Dithmenos.
  1646 | D:2      | Became a worshipper of Dithmenos the Shadowed
  1785 | D:3      | Found a shimmering blue altar of Sif Muna.
  1847 | D:3      | Reached XP level 4. HP: 35/35 MP: 4/4
  2450 | D:4      | Reached XP level 5. HP: 31/41 MP: 5/5
  2530 | D:4      | Found a sand-covered staircase.
  2550 | Ossuary  | Entered an ossuary
  2578 | Ossuary  | Slain by a mummy

Illustrated notes

Levels and vault maps discovered:
D:1:      dpeg_chamrin_arrival_tetris, layout_loops_ring,
          chequers_serial_rivers_micro_a, lemuel_flame_loot_1
D:2:      layout_basic, nicolae_dithmenos_through_a_glass_darkly
D:3:      layout_loops_cross, led_sif_pool
D:4:      layout_loops_ring, serial_shops, shop, nicolae_ossuary_entry_monument,
          first_ration
Ossuary:  ossuary_tomb_3

Skill      XL: |  1  2  3  4 |
---------------+-------------+-----
Shields        | 4 |  4.9
Armour         | 4 |  4.1
Staves         | 3 |  3.2
Fighting       | |  3.6
Dodging        | |  0.4
Stealth        | |  0.2

Action                   |  1- 3 |  4- 6 || total
-------------------------+-------+-------++-------
Melee: Quarterstaff      |    91 |    60 ||   151
  Use: Scroll            |     7 |     3 ||    10
       Potion            |       |     2 ||     2
  Eat: Chunk             |     3 |     2 ||     5
Armor: Scale mail        |    47 |    34 ||    81
Dodge: Dodged            |    26 |    35 ||    61
Block: Kite shield       |    62 |    36 ||    98
